 Dungeon Crawl Stone Soup version 0.18.1-8-gdd0e5ea (webtiles) character file.

779 georgeearnest the Insei (level 7, 0/60 HPs)
             Began as a Purple Draconian Monk on May 24, 2016.
             Was a Priest of Nemelex Xobeh.
             Shot with an arrow by a centaur (3 damage)
             ... on level 5 of the Dungeon.
             The game lasted 00:12:39 (4520 turns).

georgeearnest the Insei (Purple Draconian Monk)     Turns: 4520, Time: 00:12:42

Health: 0/60       AC:  7    Str: 14    XL:     7   Next: 54%
Magic:  8/8        EV: 15    Int: 10    God:    Nemelex Xobeh [***...]
Gold:   307        SH:  0    Dex: 15    Spells: 0 memorised, 6 levels left

rFire  + . .     SeeInvis .       - Unarmed
rCold  . . .     Gourm    .     (armour unavailable)
rNeg   . . .     Faith    .     (no shield)
rPois  .         Spirit   .     (helmet restricted)
rElec  .         Dismiss  .     (no cloak)
rCorr  .         Reflect  .     (no gloves)
SustAt .         Harm     .     b - +0 pair of boots
MR     +....     Rnd*Tele +     z - amulet of rage (curse)
Stlth  ++........               x - ring of protection from fire
                                e - ring of teleportation (curse)

@: slowed, very slow, somewhat resistant to hostile enchantments, unstealthy
A: breathe power, unfitting armour, cold-blooded, AC +6
a: Breathe Dispelling Energy, Triple Draw, Renounce Religion, Evoke Berserk Rage


You were on level 5 of the Dungeon.
You worshipped Nemelex Xobeh.
Nemelex Xobeh was most pleased with you.
You were not hungry.

You visited 1 branch of the dungeon, and saw 5 of its levels.

You collected 307 gold pieces.

Inventory:

Armour
 b - a +0 pair of boots (worn)
Jewellery
 e - a cursed ring of teleportation (left hand)
 m - an uncursed ring of wizardry
 x - a ring of protection from fire (right hand)
 z - a cursed amulet of rage (around neck)
Wands
 o - a wand of digging (11/24)
 B - a wand of random effects (31/48)
Scrolls
 d - a scroll of fear {unknown}
 i - a scroll of amnesia {unknown}
 k - 2 scrolls of identify {unknown}
 s - a scroll of remove curse {unknown}
 t - a scroll of recharging {unknown}
 w - 3 scrolls of immolation {unknown}
 A - a scroll of enchant weapon {unknown}
Potions
 a - a potion of brilliance {unknown}
 c - a potion of might {unknown}
 f - a potion of lignification
 g - a potion of mutation {unknown}
 h - 2 potions of curing {unknown}
 r - a potion of ambrosia {unknown}
 v - a potion of degeneration {unknown}
Books
 y - a book of the Tempests

   Spells                             Type                      Level
   a - Static Discharge               Conjuration/Air              3
   b - Lightning Bolt                 Conjuration/Air              5
   c - Fireball                       Conjuration/Fire             5
   d - Tornado                        Air                          9
   e - Shatter                        Earth                        9
Miscellaneous
 p - a plain deck of war
 q - a plain deck of war {drawn: 1}
Comestibles
 j - a royal jelly
 l - a slice of pizza
 n - a bread ration
 u - 4 fruits


   Skills:
 + Level 4.7 Fighting
 + Level 5.5 Dodging
 + Level 3.7 Stealth
 + Level 5.8 Unarmed Combat
 + Level 1.8 Evocations


You had 6 spell levels left.
You didn't know any spells.

Dungeon Overview and Level Annotations

Branches:
Dungeon (5/15)
 Temple: D:4-7

Altars:
Cheibriados
Nemelex Xobeh


Innate Abilities, Weirdness & Mutations

You can breathe bolts of dispelling energy.
Your rich purple scales are hard (AC +6).
Your body does not fit into most forms of armour.
You are cold-blooded and may be slowed by cold attacks.


Message History

The centaur shoots an arrow.
The arrow barely misses you.
You see here an arrow.
The centaur shoots an arrow.
The arrow closely misses you.
The centaur shoots an arrow.
The arrow misses you.
You see here an arrow.
A water moccasin skeleton comes into view.
The centaur shoots an arrow.
The arrow hits you!
You feel yourself slow down. The arrow freezes you.
* * * LOW HITPOINT WARNING * * *
Found 15 gold pieces.
You see here 2 arrows.
The centaur shoots an arrow.
The arrow hits you.
* * * LOW HITPOINT WARNING * * *
The arrow freezes you.
* * * LOW HITPOINT WARNING * * *
The centaur shoots an arrow.
The arrow hits you!
* * * LOW HITPOINT WARNING * * *
The arrow freezes you.
You die...
Your body disappears without a glow.

....c####(####....
.....# #........#
##.#.# #..####..##
...#c###.........
.......c.........
####.###.##.##.##
#.# #.##.##.# #.#
#..c....####.# #.#
####.(.((@<..# #..
########..# ###
.Z.$ ##.# ##### #
..... ##### #####


You could see a centaur and a water moccasin skeleton.

Vanquished Creatures
  2 ogres (D:4)
  A howler monkey (D:4)
  A crimson imp (D:5)
  2 hounds (D:4)
  Jessica (D:3)
  A worker ant (D:4)
  Robin (D:3)
  9 adders
  An adder skeleton (D:4)
  6 dart slugs
  A worm (D:2)
  5 giant geckos
  2 orcs
  6 giant cockroaches
  10 goblins
  10 hobgoblins
  18 jackals
  6 kobolds
  A ball python (D:1)
  6 bats
  3 giant newts
  2 jackal skeletons (D:5)
  14 rats
109 creatures vanquished.

Vanquished Creatures (collateral kills)
  The ghost of Bubs the Shield-Bearer, an amateur FoFi (D:3)
  2 ogres (D:4)
  An orc wizard (D:3)
  2 orcs (D:3)
  6 goblins (D:3)
  2 hobgoblins (D:3)
  A kobold (D:3)
15 creatures vanquished.

Grand Total: 124 creatures vanquished

Notes
Turn   | Place    | Note
--------------------------------------------------------------
     0 | D:1      | georgeearnest the Draconian Monk began the quest for the Orb.
     0 | D:1      | Reached XP level 1. HP: 19/19 MP: 1/1
   113 | D:1      | Reached XP level 2. HP: 22/26 MP: 2/2
   588 | D:1      | Reached XP level 3. HP: 29/31 MP: 3/3
  1318 | D:2      | Reached XP level 4. HP: 40/40 MP: 4/4
  2006 | D:3      | Found a sparkling altar of Nemelex Xobeh.
  2014 | D:3      | Became a worshipper of Nemelex Xobeh the Trickster
  2014 | D:3      | Received a gift from Nemelex Xobeh
  2014 | D:3      | Reached * piety under Nemelex Xobeh
  2014 | D:3      | Received a gift from Nemelex Xobeh
  2014 | D:3      | Reached ** piety under Nemelex Xobeh
  2162 | D:3      | Noticed Jessica
  2175 | D:3      | Killed Jessica
  2175 | D:3      | Reached XP level 5. HP: 38/46 MP: 5/5
  2417 | D:3      | Noticed Robin
  2429 | D:3      | Noticed Bubs's ghost (amateur FoFi)
  2450 | D:3      | Killed Bubs's ghost
  2450 | D:3      | Reached skill level 5 in Unarmed Combat
  2476 | D:3      | Killed Robin
  2481 | D:3      | Reached XP level 6. HP: 49/52 MP: 6/6
  2679 | D:3      | Found a snail-covered altar of Cheibriados.
  3463 | D:4      | Found a sparkling altar of Nemelex Xobeh.
  3518 | D:4      | Reached skill level 5 in Dodging
  3518 | D:4      | Reached skill level 1 in Evocations
  3518 | D:4      | Your scales start taking on a rich purple colour.
  3518 | D:4      | Reached XP level 7. HP: 36/60 MP: 7/7
  3663 | D:4      | Received a gift from Nemelex Xobeh
  4215 | D:4      | Reached *** piety under Nemelex Xobeh
  4267 | D:5      | Entered Level 5 of the Dungeon
  4520 | D:5      | HP: 3/60 [centaur/arrow (7)]
  4520 | D:5      | Shot with an arrow by a centaur

Skill      XL: |  1  2  3  4  5  6 |
---------------+-------------------+-----
Stealth        | 2 3 |  3.7
Dodging        | 3 4 5 |  5.5
Fighting       | 4 |  4.7
Unarmed Combat | 5 |  5.8
Evocations     | 1 |  1.8

Action                   |  1- 3 |  4- 6 |  7- 9 || total
-------------------------+-------+-------+-------++-------
Melee: Unarmed           |   133 |   197 |    73 ||   403
       Tailslap          |    14 |    27 |    10 ||    51
       Punch             |     2 |     4 |       ||     6
Evoke: Deck              |       |     9 |       ||     9
  Use: Potion            |       |       |     2 ||     2
 Stab: Sleeping          |     3 |     4 |       ||     7
       Distracted        |       |     1 |       ||     1
  Eat: Bread ration      |     1 |     1 |     1 ||     3
Armor: Skin              |    41 |    56 |    21 ||   118
Dodge: Dodged            |    98 |   156 |    60 ||   314
